 Dungeon Crawl Stone Soup version 0.31.0-11-ge490571c62 (webtiles) character file.

Game seed: 2707716156557308439

46 Orangeyouglad the Apothecary (level 3, -6/19 HPs)
             Began as a Deep Elf Alchemist on Jan 28, 2024.
             Mangled by Sigmund
             ... wielding a +0 scythe
              (8 damage)
             ... on level 2 of the Dungeon.
             The game lasted 00:04:44 (1233 turns).

Orangeyouglad the Apothecary (Deep Elf Alchemist)   Turns: 1233, Time: 00:04:45

Health: -6/19      AC:  2    Str:  7    XL:     3   Next: 44%
Magic:  10/10      EV: 13    Int: 19    God:
Gold:   106        SH:  0    Dex: 15    Spells: 3/9 levels left

rFire   . . .        c - +3 dagger (venom)
rCold   . . .        (no shield)
rNeg    . . .        a - +0 robe
rPois   .            (no helmet)
rElec   .            (no cloak)
rCorr   .            (no gloves)
SInv    .            (no boots)
Will    .....        (no amulet)
Stlth   +            (no ring)
HPRegen 0.23/turn    (no ring)
MPRegen 0.12/turn

%: no passive effects
@: confused, mighty
A: no striking features
a: no special abilities


You were on level 2 of the Dungeon.
You visited 1 branch of the dungeon, and saw 2 of its levels.

You collected 106 gold pieces.

Inventory:

Hand Weapons
 c - a +3 dagger of venom (weapon)
Armour
 a - a +0 robe (worn)
Jewellery
 f - a ring of positive energy
Scrolls
 e - 4 scrolls of noise {unknown}
 g - a scroll of teleportation {unknown}
 h - a scroll of identify {unknown}
 i - 2 scrolls of enchant weapon {unknown}
Potions
 b - a potion of magic


   Skills:
 + Level 3.0 Dodging
 + Level 3.1 Stealth
 + Level 3.6 Spellcasting
 + Level 1.8 Conjurations
 + Level 3.7 Alchemy


You had 3 spell levels left.
You knew the following spells:

 Your Spells              Type           Power      Damage    Failure   Level
a - Sting                 Conj/Alch      56%        1d6       4%          1
b - Mercury Vapours       Alch/Air       20%        N/A       10%         2
c - Mephitic Cloud        Conj/Alch/Air  10%        N/A       21%         3

Your spell library contained the following spells:

 Spells                   Type           Power      Damage    Failure   Level
 Olgreb's Toxic Radiance  Alch           17%        N/A       30%         4
 Sticky Flame             Fire/Alch      10%        2d5       54%         4


Dungeon Overview and Level Annotations

Branches:
Dungeon (2/15)

Altars:

Shops:
D:1 ([[

Annotations:
D:2 Sigmund


Message History

HP restored.
Magic restored.
Sigmund the Dreaded comes into view.
He is wielding a +0 scythe.
Sigmund shouts!
Sigmund gestures at you while chanting.
You are confused.
Sigmund is nearby!
You bump into the rock wall.
Sigmund points at you and mumbles some strange words.
You are more confused.
You bump into the rock wall.
Sigmund hits you from afar with a +0 scythe!
Ouch! That really hurt!
You bump into the rock wall.
Sigmund closely misses you.
You bump into the rock wall.
Sigmund points at you and mumbles some strange words.
You are more confused.
You are too confused!
It was a potion of might.
You feel very mighty all of a sudden.
Sigmund breathes a few words.
Sigmund's hands start flickering wildly.
Sigmund closely misses you. Sigmund hits you with a +0 scythe.
You bump into the rock wall.
You closely miss Sigmund. Sigmund misses you.
You bump into the rock wall.
Sigmund gestures at you while chanting. The magic dart hits you.
* * * LOW HITPOINT WARNING * * *
You bump into the rock wall.
Sigmund closely misses you.
You barely miss Sigmund. Sigmund barely misses you.
You feel less confused.
Sigmund points at you and mumbles some strange words.
You are confused.
You bump into the rock wall.
Sigmund hits you from afar with a +0 scythe!
You die...
Sigmund begins carving another notch in his scythe.

.......b<.........
..........#....#..
...............##.
#####...######....
#...# ####. #...#
#. #...# #.
######...# #.
#.@......# #.
#.#####.## #. #@#
##...####### ##
#.#
#..........####
#.#
##..†##.......#
#.# ##.###.##.##.#
... #... #.##.##.#
#.. .....
#.##..#.#
####..###
#.###.#.#


You could see Sigmund.

Vanquished Creatures
  An adder (D:2)
  A dart slug (D:1)
  A ribbon worm (D:2)
  6 endoplasms (D:1)
  2 giant cockroaches (D:1)
  3 goblins
  3 hobgoblins
  2 jackals (D:1)
  A kobold (D:1)
  A quokka (D:2)
  A ball python (D:1)
  2 bats
  3 frilled lizards (D:1)
  2 rats (D:1)
29 creatures vanquished.

Notes
Turn   | Place    | Note
-------+----------+-------------------------------------------
     0 | D:1      | Orangeyouglad the Deep Elf Alchemist began the quest for
                  | the Orb.
     0 | D:1      | Reached XP level 1. HP: 10/10 MP: 6/6
    72 | D:1      | Reached XP level 2. HP: 15/15 MP: 0/8
   267 | D:1      | Found Duj Luot's Antique Armour Boutique.
   399 | D:1      | Found Faekavybate's Antique Weapon Shoppe.
   611 | D:1      | Found Xaimaeky's Armour Boutique.
   761 | D:1      | Reached XP level 3. HP: 19/19 MP: 9/9
   866 | D:1      | Learned a level 2 spell: Mercury Vapours
   870 | D:1      | Learned a level 3 spell: Mephitic Cloud
  1215 | D:2      | Noticed Sigmund
  1233 | D:2      | Mangled by Sigmund

Illustrated notes

Levels and vault maps discovered:
D:1:      dpeg_arrival_rooms_with_view, layout_rooms, serial_shops, shop,
          nicolae_shop_back_alley_shop, nicolae_shop_window_shopping
D:2:      layout_loops_cross, dreamdust_wishing_well, lightli_corner_chamber,
          uniq_sigmund

Skill      XL: |  1  2  3 |
---------------+----------+-----
Dodging        | 3 |  3.0
Stealth        | 3 |  3.1
Spellcasting   | |  3.6
Conjurations   | |  1.8
Alchemy        | |  3.7

Action                     || total
---------------------------++-------
  Melee: Dagger            ||    22
         Unarmed           ||     1
   Cast: Sting             ||    49
         Mercury Vapours   ||     2
    Use: Potion            ||     1
   Stab: Sleeping          ||     1
 Armour: Robe              ||    25
  Dodge: Dodged            ||    52
